 Dungeon Crawl Stone Soup version 0.31-a0-983-g7b6862f502 (webtiles) character file.

Game seed: 12136247712775211475

23047 CowFu the Bludgeoner (level 13, -2/144 HPs)
             Began as an Ogre Monk on Nov 2, 2023.
             Was an Elder of the Shining One.
             Slain by a slime creature (4 damage)
             ... in an ice cave.
             The game lasted 00:23:16 (12560 turns).

CowFu the Bludgeoner (Ogre Monk)                   Turns: 12560, Time: 00:23:17

Health: -2/144     AC:  7    Str: 22    XL:     13   Next: 4%
Magic:  13/13      EV: 11    Int: 11    God:    the Shining One [****..]
Gold:   466        SH:  0    Dex: 11    Spells: 12/12 levels left

rFire   . . .        b - +1 giant spiked club
rCold   + + .        (shield currently unavailable)
rNeg    + + .        w - +0 steam dragon scales
rPois   .            N - +1 hat
rElec   .            (no cloak)
rCorr   .            (gloves unavailable)
SInv    .            (boots unavailable)
Will    +....        (no amulet)
Stlth   +            v - ring of protection from cold
HPRegen 0.44/turn    l - ring of protection from cold
MPRegen 0.13/turn

%: no passive effects
@: mighty, glowing
A: large, unfitting armour, tough skin 1
a: Renounce Religion, Divine Shield, Cleansing Flame


You were in an ice cave.
You worshipped the Shining One.
The Shining One was greatly pleased with you.
You visited 2 branches of the dungeon, and saw 12 of its levels.
You also visited: Bailey and Ice Cave.

You collected 529 gold pieces.
You spent 63 gold pieces at shops.

Inventory:

Hand Weapons
 a - a +1 flail of protection
 b - a +1 giant spiked club (weapon)
Missiles
 c - a throwing net
 k - 2 javelins
 r - 17 poisoned darts
 J - 8 boomerangs (quivered)
 K - 13 large rocks
 L - a curare-tipped dart
Armour
 d - an orb of light
 w - +0 steam dragon scales (worn)
 N - a +1 hat (worn)
Jewellery
 h - a +5 ring of evasion
 l - a ring of protection from cold (right hand)
 q - a +5 ring of evasion
 v - a ring of protection from cold (left hand)
 y - a ring of see invisible
 F - a +6 ring of dexterity
 M - a ring of protection from cold
Wands
 t - a wand of roots (21)
 E - a wand of charming (3)
Scrolls
 j - 6 scrolls of amnesia
 o - 3 scrolls of teleportation
 u - a scroll of blinking
 G - a scroll of poison
 H - 2 scrolls of fog
 I - a scroll of vulnerability
Potions
 e - 4 potions of enlightenment
 f - 9 potions of haste
 g - a potion of resistance {unknown}
 i - 3 potions of mutation
 m - a potion of heal wounds
 n - a potion of attraction {unknown}
 p - 4 potions of curing
 s - 2 potions of cancellation {unknown}
 x - a potion of berserk rage {unknown}
 z - 5 potions of might
 A - a potion of lignification {unknown}
 B - 2 potions of magic {unknown}
 C - 2 potions of invisibility {unknown}
 D - a potion of brilliance {unknown}


   Skills:
 + Level 13.1 Fighting
 + Level 16.2 Maces & Flails
 - Level 6.0 Dodging


You had 12 spell levels left.
You didn't know any spells.
Your spell library contained the following spells:

 Spells                   Type           Power      Damage    Failure   Level
 Slow                     Hex            0%         N/A       34%         1
 Sting                    Tmut/Pois      0%         1d3       34%         1
 Cigotuvi's Dreadful Rot  Necr/Pois/Air  0%         N/A       47%         2
 Ensorcelled Hibernation  Hex/Ice        0%         N/A       47%         2
 Passwall                 Tmut/Erth      0%         N/A       47%         2
 Poisonous Vapours        Pois/Air       0%         N/A       47%         2
 Confusing Touch          Hex            0%         N/A       71%         3
 Dazzling Flash           Conj/Hex       0%         N/A       71%         3
 Ignite Poison            Fire/Tmut/Pois 0%         N/A       71%         3
 Ozocubu's Armour         Ice            0%         N/A       71%         3
 Sigil of Binding         Hex            0%         N/A       71%         3
 Swiftness                Air            0%         N/A       71%         3
 Vampiric Draining        Necr           0%         2d6       71%         3
 Olgreb's Toxic Radiance  Pois           0%         N/A       98%         4
 Agony                    Necr           0%         N/A       100%        5
 Freezing Cloud           Conj/Ice/Air   0%         6-21      100%        5
 Metabolic Englaciation   Hex/Ice        0%         N/A       100%        5
 Silence                  Hex/Air        0%         N/A       100%        5
 Simulacrum               Ice/Necr       0%         N/A       100%        6
 Ozocubu's Refrigeration  Ice            0%         4d7       100%        7
 Discord                  Hex            0%         N/A       100%        8
 Ignition                 Fire           0%         3d3       100%        8


Dungeon Overview and Level Annotations

Branches:
Dungeon (11/15)            Temple (1/1) D:6            Lair (0/5) D:8
 Bailey (visited)           IceCv (1/1)
    Orc: D:9-12

Altars:
Ashenzari
Cheibriados
Dithmenos
Elyvilon
Fedhas
Gozag
Hepliaklqana
Kikubaaqudgha
Makhleb
Nemelex Xobeh
Okawaru
Qazlal
Ru
Sif Muna
Trog
Uskayaw
Vehumet
Wu Jian
Xom
Yredelemnul
Zin
The Shining One

Shops:
D:2 *

Annotations:
Temple 2 transporters


Innate Abilities, Weirdness & Mutations

You are too large for most types of armour.
You have tough skin. (AC +1)


Message History

The slime creature hits you but does no damage.
The slime creature hits you! The slime creature barely misses you.
The slime creature hits you but does no damage.
Two slime creatures merge to form a large slime creature.
The slime creature attacks as it pursues you!
The slime creature barely misses you.
The large slime creature attacks as it pursues you!
The large slime creature hits you!!
* * * LOW HITPOINT WARNING * * *
The slime creature attacks as it pursues you!
The slime creature completely misses you.
You feel much better.
Two slime creatures merge to form a very large slime creature.
The slime creature barely misses you.
You puncture the very large slime creature!
The very large slime creature is heavily wounded.
The slime creature hits you.
* * * LOW HITPOINT WARNING * * *
You feel much better. The very large slime creature hits you!
The slime creature hits you!
* * * LOW HITPOINT WARNING * * *
You feel very mighty all of a sudden.
The very large slime creature hits you!!
* * * LOW HITPOINT WARNING * * *
The slime creature completely misses you.
You feel much better. The very large slime creature hits you!
* * * LOW HITPOINT WARNING * * *
The slime creature hits you but does no damage.
You bludgeon the slime creature!!
The slime creature is moderately wounded.
The very large slime creature hits you!
* * * LOW HITPOINT WARNING * * *
The slime creature hits you.
* * * LOW HITPOINT WARNING * * *
You puncture the slime creature!
The slime creature is heavily wounded.
The very large slime creature hits you. The Shining One protects you from harm!
The slime creature hits you.
You die...

####.......####....####
#.....##......###.....##
....########....##.....##
.(###....####....##.....#
###...°.....##....#.....#
#.....###....###........#
....### ###....###.....##
....# ###...J########
##### ###.....J@#
########.......###
.............###
........###### ..#######
### #


You could see a very large slime creature and a slime creature.

Vanquished Creatures
  Erica (D:8)
  Pikel (D:4)
  An orc knight (Bailey)
  A manticore (D:9)
  A cyclops (D:9)
  Maggie (D:7)
  2 ice statues (IceCv)
  A kobold demonologist (D:10)
  2 komodo dragons (D:8)
  2 ice devils (D:11)
  24 yaks
  12 slime creatures (IceCv)
  Eustachio (D:6)
  A wyvern (D:9)
  3 great orb of eyes simulacra (IceCv)
  An ice beast (D:8)
  7 orc warriors
  4 black bears (D:8)
  An ogre (D:6)
  2 sky beasts (D:8)
  2 phantoms
  A centaur (D:8)
  3 slime creature simulacra (IceCv)
  A kobold brigand (D:8)
  4 bullfrogs
  A gnoll sergeant (D:7)
  2 scorpions
  3 glowing shapeshifter simulacra (IceCv)
  6 wights
  6 killer bees (D:8)
  A howler monkey (D:6)
  A jelly (D:7)
  2 hounds
  4 gnoll boudas
  5 orc priests
  2 iguanas (D:6)
  14 orc wizards
  A sleepcap (D:5)
  A shapeshifter simulacrum (IceCv)
  A statue (D:3)
  31 gnolls
  9 adders
  3 shadow imps
  2 ufetubi (D:6)
  2 worms
  A dart slug (D:5)
  55 orcs
  7 ball pythons
  10 endoplasms
  6 giant cockroaches
  9 goblins
  7 hobgoblins
  6 jackals
  9 quokkas
  4 bats
  2 frilled lizards
  10 kobolds
  7 rats
310 creatures vanquished.

Notes
Turn   | Place    | Note
-------+----------+-------------------------------------------
     0 | D:1      | CowFu the Ogre Monk began the quest for the Orb.
     0 | D:1      | Reached XP level 1. HP: 24/24 MP: 1/1
   170 | D:1      | Reached XP level 2. HP: 31/32 MP: 2/2
   384 | D:1      | Reached skill level 3 in Maces & Flails
   710 | D:1      | Reached XP level 3. HP: 34/40 MP: 3/3
  1213 | D:2      | Reached skill level 5 in Fighting
  1213 | D:2      | Reached XP level 4. HP: 43/50 MP: 4/4
  1687 | D:2      | Found Sovumioc's Assorted Antiques.
  1757 | D:2      | Bought a sedimented dark potion for 20 gold pieces
  1757 | D:2      | Bought a scroll labelled RYMPIRGH IXIO for 23 gold pieces
  1757 | D:2      | Bought a brown potion for 20 gold pieces
  2007 | D:2      | Reached XP level 5. HP: 48/57 MP: 5/5
  2661 | D:3      | Reached skill level 4 in Maces & Flails
  2667 | D:3      | Noticed a phantom
  2675 | D:3      | Killed a phantom
  2676 | D:3      | Reached XP level 6. HP: 68/68 MP: 6/6
  2830 | D:3      | Found a radiant altar of Vehumet.
  3304 | D:4      | Noticed Pikel
  3316 | D:4      | Killed Pikel
  3317 | D:4      | Reached skill level 5 in Maces & Flails
  3317 | D:4      | Reached XP level 7. HP: 36/81 MP: 7/7
  3317 | D:4      | Reached XP level 8. HP: 40/89 MP: 8/8
  3833 | D:4      | Reached skill level 6 in Maces & Flails
  4022 | D:5      | Entered Level 5 of the Dungeon
  4308 | D:5      | Found the +1 Delatra's gloves {ID++}
  4388 | D:5      | Found a blossoming altar of Fedhas.
  4388 | D:5      | Found an opulent altar of Gozag.
  4562 | D:6      | Noticed Eustachio
  4571 | D:6      | Killed Eustachio
  4572 | D:6      | Reached skill level 10 in Fighting
  4605 | D:6      | Found a broken altar of Ashenzari.
  4628 | D:6      | Reached skill level 7 in Maces & Flails
  5251 | D:6      | Found a staircase to the Ecumenical Temple.
  5289 | Temple   | Found a transporter.
  5289 | Temple   | Found a transporter.
  5289 | Temple   | Found a transporter.
  5289 | Temple   | Found a transporter.
  5289 | Temple   | Entered the Ecumenical Temple
  5303 | Temple   | Became a worshipper of the Shining One
  5303 | Temple   | Reached * piety under the Shining One
  5303 | Temple   | Reached ** piety under the Shining One
  5371 | D:6      | Reached XP level 9. HP: 78/101 MP: 9/9
  5391 | D:6      | Reached skill level 8 in Maces & Flails
  5891 | D:7      | Found a snail-covered altar of Cheibriados.
  5941 | D:7      | Noticed Maggie
  5961 | D:7      | Killed Maggie
  5962 | D:7      | Reached skill level 9 in Maces & Flails
  6813 | D:8      | Noticed Erica
  6822 | D:8      | Reached skill level 10 in Maces & Flails
  6834 | D:8      | Killed Erica
  6835 | D:8      | Reached skill level 11 in Maces & Flails
  6835 | D:8      | Reached XP level 10. HP: 50/110 MP: 10/10
  7607 | D:8      | Found a staircase to the Lair.
  7612 | D:8      | Reached skill level 12 in Maces & Flails
  7734 | D:8      | Found a glowing silver altar of Zin.
  7763 | D:8      | Reached *** piety under the Shining One
  8362 | D:9      | Found a flagged portal.
  8374 | Bailey   | Entered a bailey
  8527 | Bailey   | Noticed an orc knight
  8540 | Bailey   | Killed an orc knight
  8848 | D:9      | Noticed a cyclops
  8863 | D:9      | Killed a cyclops
  8864 | D:9      | Reached skill level 5 in Dodging
  9080 | D:9      | Found a bloodstained altar of Trog.
  9108 | D:9      | Identified the +7 sling "Wynat" {antimagic, rPois Dex+5}
  9117 | D:9      | Reached skill level 13 in Maces & Flails
  9117 | D:9      | Reached XP level 11. HP: 83/117 MP: 3/11
  9443 | D:9      | Found an ornate altar of the Wu Jian Council.
  9604 | D:9      | Noticed a manticore
  9612 | D:9      | Killed a manticore
  9761 | D:9      | Found a shimmering altar of Xom.
  9879 | D:10     | Entered Level 10 of the Dungeon
 10257 | D:10     | Found a hazy altar of Hepliaklqana.
 10427 | D:10     | Found an iron altar of Okawaru.
 10438 | D:10     | Reached skill level 15 in Maces & Flails
 10438 | D:10     | Reached XP level 12. HP: 130/130 MP: 12/12
 11283 | D:11     | Found a frozen archway.
 11283 | D:11     | Reached **** piety under the Shining One
 11311 | IceCv    | Entered an ice cave
 11759 | IceCv    | Reached skill level 16 in Maces & Flails
 12471 | IceCv    | Reached XP level 13. HP: 126/141 MP: 13/13
 12559 | IceCv    | HP: 6/144 [very large slime creature (17)]
 12559 | IceCv    | HP: 2/144 [slime creature (4)]
 12560 | IceCv    | The Shining One protects you from harm!
 12560 | IceCv    | Slain by a slime creature

Illustrated notes

Levels and vault maps discovered:
D:1:      dpeg_arrival_shrine, layout_basic
D:2:      layout_loops_ring, serial_shops, shop
D:3:      layout_rooms, vehumet_statue
D:4:      layout_loops_ring, uniq_pikel
D:5:      layout_rooms, gammafunk_temple_overflow_elements,
          pf_guarded_unrand_delatra
D:6:      layout_loops_ring, evilmike_ruin_ashenzari, temple_doors_e,
          grunt_ministairs_3, uniq_eustachio
D:7:      layout_rooms, lemuel_crystal_altar, uniq_maggie
D:8:      layout_basic, lemuel_doored_altar, grunt_lair_entry_orc_guard_hut,
          solitary_fountain, uniq_erica
D:9:      layout_rooms, tgw_xom, mainiacjoe_overflow_brackets,
          kennysheep_mini_moat, enter_bailey_3, st_stairs_10, nicolae_the_louvre
D:10:     layout_small_grid, nicolae_overflow_hidden_temple,
          kennysheep_okawaru_gauntlet
D:11:     layout_big_octagon, portal_ice_cave_demonic_guard
Temple:   hellmonk_temple_divided_pantheon
IceCv:    ice_cave_hellmonk_azure_passage

Skill      XL: |  1  2  3  4  5  6  7  8  9 10 11 12 13 |
---------------+----------------------------------------+-----
Maces & Flails | 3 4 5 7 11 13 15 16 | 16.2
Dodging        | 3 4 5 6 |  6.0
Fighting       | 5 6 8 10 11 12 13 | 13.1

Action                     |  1- 3 |  4- 6 |  7- 9 | 10-12 | 13-15 || total
---------------------------+-------+-------+-------+-------+-------++-------
  Melee: Mace              |    95 |    23 |       |       |       ||   118
         Flail             |       |   145 |   263 |       |       ||   408
         Giant spiked club |       |       |    16 |   346 |    21 ||   383
  Throw: Boomerang         |       |       |       |     2 |       ||     2
    Use: Scroll            |       |     8 |     7 |     5 |       ||    20
         Potion            |       |     2 |       |     6 |     5 ||    13
 Armour: Robe              |    64 |    96 |   115 |       |       ||   275
         Steam dragon scal |       |       |    48 |   225 |    35 ||   308
  Dodge: Dodged            |    68 |   141 |   208 |   322 |    13 ||   752

Table legend: (Time is in decaauts)
 A = Elapsed time spent in this place.
 B = Non-inter-level travel time spent in this place.
 C = Inter-level travel time spent in this place.
 D = Time resting spent in this place.
 E = Time spent auto-exploring this place.
 F = Levels seen in this place.
 G = Mean time per level.
                   A        B        C        D        E       F      G
               +--------+--------+--------+--------+--------+-----+--------+
         Total |  12695 |  11965 |    730 |      0 |   9453 |  14 |  906.8 |
       Dungeon |  10947 |  10229 |    718 |      0 |   8300 |  11 |  995.2 |
        Temple |     28 |     16 |     12 |      0 |      0 |   1 |   28.0 |
        Bailey |    470 |    470 |      0 |      0 |    271 |   1 |  470.0 |
      Ice Cave |   1248 |   1248 |      0 |      0 |    882 |   1 | 1248.0 |
               +--------+--------+--------+--------+--------+-----+--------+

Top non-repeatable levels by time:
     D:8: 1732 daAuts
     D:9: 1372 daAuts
     D:1: 1332 daAuts
     D:6: 1291 daAuts
   IceCv: 1248 daAuts
     D:2: 1058 daAuts
     D:7: 1032 daAuts
     D:4: 931 daAuts
    D:10: 817 daAuts
     D:3: 743 daAuts
     D:5: 544 daAuts
  Bailey: 470 daAuts
    D:11: 89 daAuts
  Temple: 28 daAuts
